Map: Ley Lines

Players

BaneEnjoyer

  • Race: Zerg Zerg
  • League: Platinum
  • Spawn Location: 7:00

Nerfprotoss - Winner!

  • Race: Protoss Protoss
  • League: Master
  • Spawn Location: 1:00

VOD

Have the link to the VOD?

Description

Time

  • Played on: July 5, 2025, 5:11 p.m.
  • Length: 7:38
Show
View Real Time Build Order
Export as new Build Order

BaneEnjoyer Zerg 

Build Orders: Hatch First 

Get SALT Encoding   

  12  0:02  Drone  
  13  0:12  Overlord  
  13  0:18  Drone  
  14  0:30  Drone  
  14  0:31  Drone  
  16  0:51  Drone  
  16  0:52  Hatchery  
  16  0:55  Drone  
  17  0:58  Drone  
  17  1:04  Extractor  
  17  1:16  Spawning Pool  
  16  1:19  Drone  
  17  1:26  Drone  
  17  1:29  Drone  
  19  1:48  Overlord  
  19  2:03  Queen  
  19  2:05  Zergling x6  
  19  2:07  Queen  
  26  2:17  Metabolic Boost  
  26  2:40  Drone x2  
  26  2:41  Drone  
  26  2:42  Hatchery  
  28  2:49  Drone x3  
  31  2:58  Queen  
  33  3:07  Queen  
  35  3:24  Drone  
  36  3:35  Overlord x2  
  36  3:45  Evolution Chamber  
  36  3:46  Roach Warren  
  36  3:47  Drone x2  
  36  4:04  Drone x6  
  42  4:10  Drone x3  
  42  4:12  Extractor  
  42  4:14  Drone x3  
  47  4:35  Extractor  
  47  4:36  Drone x2  
  48  4:39  Zergling x14  
  55  4:47  Zerg Melee Weapons Level 1  
  55  4:52  Baneling Nest  
  54  4:54  Overlord x3  
  54  4:58  Drone x2  
  56  5:25  Zergling x22  
  67  5:31  Lair  
  67  5:33  Spore Crawler  
  67  5:35  Spore Crawler  
  65  5:37  Drone x2  
  65  5:38  Drone  
  65  5:40  Spore Crawler  
  67  5:49  Baneling x6  
  67  5:50  Baneling x4  
  67  5:51  Zergling x12  
  68  6:48  Zergling x12  
  68  6:49  Zergling x18  
Show
View Real Time Build Order
Export as new Build Order

Nerfprotoss Protoss - Winner!

Build Orders: 1 Gate Expand, Zealot Archon, Archon Drop, Dark Templar Rush 

Get SALT Encoding   

  12  0:00  Probe  
  13  0:12  Probe  
  14  0:21  Pylon  
  14  0:24  Probe  
  15  0:36  Probe  
  16  0:43  Gateway  
  16  0:44  Probe  
  17  0:53  Probe  
  18  1:11  Probe  
  18  1:12  Assimilator  
  19  1:30  Nexus  
  19  1:33  Cybernetics Core  
  19  1:34  Probe  
  20  1:41  Pylon  
  20  1:46  Probe  
  21  1:52  Assimilator  
  21  1:58  Probe, Stalker  
  22  2:10  Probe  
  25  2:22  Probe  
  26  2:32  Adept  
  26  2:34  Probe  
  28  2:39  Twilight Council  
  28  2:46  Probe x2  
  28  2:51  Gateway  
  30  2:52  Warp Gate  
  30  2:58  Probe  
  30  2:59  Probe  
  32  3:11  Probe x2  
  32  3:12  Pylon  
  34  3:23  Probe x2  
  34  3:24  Shield Battery  
  36  3:35  Probe x2  
  36  3:36  Dark Shrine  
  38  3:45  Robotics Facility  
  38  3:47  Probe x2  
  40  3:49  Charge  
  40  3:56  Pylon  
  40  3:59  Probe x2  
  42  4:06  Templar Archives  
  42  4:07  Assimilator  
  42  4:11  Probe x2, Assimilator  
  42  4:15  Gateway  
  44  4:18  Pylon  
  44  4:23  Probe x2  
  46  4:26  Gateway  
  46  4:30  Pylon  
  46  4:32  Gateway, Warp Prism  
  46  4:34  Gateway  
  46  4:45  Probe  
  49  4:47  Sentry  
  51  4:57  Probe  
  51  4:58  Pylon  
  53  5:00  Probe  
  53  5:17  Adept x2, Nexus  
  53  5:18  Pylon  
  57  5:32  Probe  
  58  5:35  Probe  
  58  5:38  Gateway  
  58  5:42  High Templar x4  
  65  5:45  Zealot x2  
  65  5:46  Archon x2  
  65  5:49  Probe x2  
  73  6:01  Probe  
  74  6:07  Shield Battery  
  74  6:09  High Templar  
  74  6:10  High Templar  
  78  6:14  Archon  
  78  6:15  Zealot x4  
  78  6:48  Pylon  
  78  6:52  Pylon  
  78  6:54  Pylon  
  78  6:56  Pylon  
  78  7:07  Stalker x3  
  78  7:08  Stalker  
  84  7:09  High Templar x2  
  80  7:16  Archon  
  54  7:33  Zealot  
  54  7:34  Zealot x2  
  54  7:36  Zealot  
Tags
 
Add a new tag
Caveats
  • Supply blocks, unpowered buildings, or Contaminate may cause inaccurate times.
  • Supply counts are checked every 10 seconds.